 Dungeon Crawl Stone Soup version 0.24-a0-475-g5b41c6f198 (webtiles) character file.

Game seed: 8266531831614498566

139 Inarius the Skirmisher (level 5, -1/47 HPs)
             Began as a Demonspawn Hunter on July 5, 2019.
             Slain by a jackal (2 damage)
             ... on level 3 of the Dungeon.
             The game lasted 00:02:42 (2685 turns).

Inarius the Skirmisher (Demonspawn Hunter)          Turns: 2685, Time: 00:02:43

Health: -1/47      AC:  3    Str: 13    XL:     5   Next: 1%
Magic:  4/10       EV: 17    Int: 12    God:
Gold:   76         SH:  0    Dex: 14    Spells: 11/11 levels left

rFire    . . .     SeeInvis .   a - +0 short sword
rCold    + . .     Gourm    .   (no shield)
rNeg     . . .     Faith    .   b - +0 leather armour
rPois    .         Spirit   .   (helmet restricted)
rElec    .         Reflect  .   (no cloak)
rCorr    .         Harm     .   (no gloves)
MR       .....                  (no boots)
Stlth    +.........             (no amulet)
HPRegen  0.15/turn              (no ring)
MPRegen  0.12/turn              (no ring)

@: no status effects
A: horns 1, repulsion field 2, cold resistance 1
a: no special abilities


You were on level 3 of the Dungeon.
You were not hungry.

You visited 1 branch of the dungeon, and saw 3 of its levels.

You collected 76 gold pieces.

Inventory:

Hand Weapons
 a - a +0 short sword (weapon)
Missiles
 c - 6 javelins (quivered)
 d - 2 throwing nets
 j - 2 silver javelins
Armour
 b - a +0 leather armour (worn)
Scrolls
 g - 2 scrolls of enchant weapon {unknown}
 h - a scroll of immolation {unknown}
 i - 2 scrolls of identify {unknown}
 k - 2 scrolls of fear {unknown}
 n - a scroll of blinking {unknown}
 p - a scroll of remove curse {unknown}
Potions
 l - a potion of resistance {unknown}
 o - a potion of heal wounds {unknown}
Comestibles
 f - 5 rations


   Skills:
 * Level 6.8 Fighting
 + Level 4.0 Short Blades
 - Level 3.6 Throwing
 + Level 3.9 Armour
 + Level 4.3 Dodging
 - Level 0.8 Stealth
 + Level 3.6 Unarmed Combat
 + Level 3.9 Spellcasting


You had 11 spell levels left.
You didn't know any spells.
Your spell library was empty.

Dungeon Overview and Level Annotations

Branches:
Dungeon (3/15)

Altars:
Kikubaaqudgha
Nemelex Xobeh
Ru
Sif Muna


Innate Abilities, Weirdness & Mutations

You have a pair of small horns on your head.
You are surrounded by a moderate repulsion field. (EV +3)
Your flesh is cold resistant. (rC+)


Message History

The jackal bites you.
* * * LOW HITPOINT WARNING * * *
The jackal misses you. The jackal barely misses you.
You hit the jackal.
You kill the jackal!
The jackal bites you.
* * * LOW HITPOINT WARNING * * *
It was a potion of experience.
You feel more experienced!
Your Fighting skill gained 3 levels and is now at level 6!
Your Short Blades skill gained 3 levels and is now at level 4!
Your Armour skill gained 2 levels and is now at level 3!
Your Dodging skill gained 2 levels and is now at level 4!
Your Unarmed Combat skill gained 3 levels and is now at level 3!
Your Spellcasting skill gained 3 levels and is now at level 3!
You have reached level 5!
Your demonic ancestry asserts itself...
Your repulsive radiation grows stronger.
The jackal misses you. The jackal bites you.
You die...

#. ..# . ... . .
..# .. #. .[#
...#.######..####
..?..............
......[h.....#
........@....#
..#..#####...#
... ####...# .
#......#
#.###...... #<#
...### #.# #.##
#รท# .# #.# .#


You could see a jackal.

Vanquished Creatures
  An ooze (D:1)
  2 worms
  3 dart slugs
  3 leopard geckos
  2 giant cockroaches
  7 goblins
  8 hobgoblins
  A jackal (D:3)
  3 bats (D:1)
  4 frilled lizards
  5 kobolds
  10 rats
  A plant (D:2)
50 creatures vanquished.

Notes
Turn   | Place    | Note
-------+----------+-------------------------------------------
     0 | D:1      | Inarius the Demonspawn Hunter began the quest for the Orb.
     0 | D:1      | Reached XP level 1. HP: 16/16 MP: 1/1
   286 | D:1      | Gained mutation: Your flesh is cold resistant. (rC+)
                  | [demonic ancestry]
   286 | D:1      | Reached XP level 2. HP: 23/23 MP: 2/2
   780 | D:1      | Gained mutation: You are surrounded by a mild repulsion
                  | field. (EV +2) [demonic ancestry]
   780 | D:1      | Reached XP level 3. HP: 13/28 MP: 3/3
  1103 | D:1      | Reached skill level 1 in Short Blades
  1198 | D:1      | Reached skill level 3 in Fighting
  1554 | D:2      | Reached skill level 1 in Armour
  2392 | D:2      | Found an ancient bone altar of Kikubaaqudgha.
  2394 | D:2      | Found a sparkling altar of Nemelex Xobeh.
  2394 | D:2      | Found a sacrificial altar of Ru.
  2394 | D:2      | Found a deep blue altar of Sif Muna.
  2672 | D:3      | Gained mutation: You have a pair of small horns on your
                  | head. [demonic ancestry]
  2672 | D:3      | Reached XP level 4. HP: 8/35 MP: 4/4
  2684 | D:3      | HP: 1/35 [jackal (1)]
  2685 | D:3      | Reached skill level 6 in Fighting
  2685 | D:3      | Gained mutation: You are surrounded by a moderate repulsion
                  | field. (EV +3) [demonic ancestry]
  2685 | D:3      | Reached XP level 5. HP: 1/47 MP: 4/10
  2685 | D:3      | Slain by a jackal

Levels and vault maps discovered:
D:1:      dpeg_arrival_circle_labyrinth_a, layout_basic
D:2:      cheibrodos_old_hovel, layout_basic, grunt_temple_overflow_open
D:3:      layout_loops_ring, bloody_makhleb, first_ration, uniq_sigmund

Skill      XL: |  1  2  3  4 |
---------------+-------------+-----
Dodging        | 2 4 |  4.3
Short Blades   | 1 4 |  4.0
Fighting       | 3 6 |  6.8
Armour         | 1 3 |  3.9
Unarmed Combat | 3 |  3.6
Spellcasting   | 3 |  3.9
Throwing       | |  3.6
Stealth        | |  0.8

Action                   |  1- 3 |  4- 6 || total
-------------------------+-------+-------++-------
Melee: Short sword       |   262 |    11 ||   273
Throw: Javelin           |     2 |       ||     2
  Use: Potion            |       |     1 ||     1
 Stab: Sleeping          |     3 |       ||     3
  Eat: Chunk             |     6 |       ||     6
Armor: Leather armour    |    49 |     2 ||    51
Dodge: Dodged            |   117 |    20 ||   137

Table legend:
 A = Non-vault XP
 B = Vault XP
 C = Vault XP percentage of total XP
 D = Non-vault monster count
 E = Vault monster count
 F = Vault count percentage of total count
                 A         B        C        D         E       F
            +---------+---------+-------+---------+---------+-------
      Total |      95 |       4 |   4.0 |      48 |       1 |   2.0
            +---------+---------+-------+---------+---------+-------
        D:1 |      61 |       0 |   0.0 |      33 |       0 |   0.0
        D:2 |      24 |       4 |  14.3 |      12 |       1 |   7.7
        D:3 |      10 |       0 |   0.0 |       3 |       0 |   0.0
            +---------+---------+-------+---------+---------+-------
